 Dungeon Sprint DCSS version 0.21.2 (webtiles) character file.

1000000 Fang the Executioner (level 15, -55/131 HPs)
             Began as a Demonspawn Gladiator on Oct 2, 2018.
             Was a Follower of Makhleb.
             Annihilated by a meat berserker
             ... wielding a +9 battleaxe
              (71 damage)
             ... in the Dungeon (Sprint VIII: "Arena of Blood").
             The game lasted 00:00:19 (10 turns).

Fang the Executioner (Demonspawn Gladiator)           Turns: 10, Time: 00:00:21

Health: -55/131    AC:  8    Str: 20    XL:     15   Next: 22%
Magic:  15/15      EV: 28    Int: 11    God:    Makhleb [*.....]
Gold:   0          SH:  0    Dex: 14    Spells: 14/14 levels left

rFire    . . .     SeeInvis .   l - +∞ Axe of Woe
rCold    + . .     Gourm    .   (shield currently unavailable)
rNeg     . . .     Faith    .   b - +0 leather armour
rPois    .         Spirit   .   c - +0 helmet
rElec    .         Reflect  .   (no cloak)
rCorr    .         Harm     .   (gloves unavailable)
MR       +....     NoTele   +   (no boots)
Stlth    +.........             (no amulet)
HPRegen  0.31/turn              (no ring)
MPRegen  0.14/turn              (no ring)

@: no status effects
A: claws 3, icy blue scales 3, powered by death 1, spiny 2
a: Renounce Religion


You were in the Dungeon.
You worshipped Makhleb.
Makhleb was aware of your devotion.
You were not hungry.

You visited 1 branch

Inventory:

Hand Weapons
 l - the +∞ Axe of Woe (weapon)
   (You found it in the Dungeon)
Missiles
 d - 3 throwing nets (quivered)
Armour
 b - a +0 leather armour (worn)
 c - a +0 helmet (worn)
Scrolls
 k - a scroll of blinking
Potions
 e - a potion of curing
 g - a potion of heal wounds
 h - a potion of haste
 i - 2 potions of magic
 j - a potion of berserk rage
Comestibles
 f - a ration


   Skills:
 + Level 16.0 Fighting
 + Level 24.2 Axes
 + Level 12.9 Throwing
 + Level 23.2 Dodging


You had 14 spell levels left.
You didn't know any spells.

Dungeon Overview and Level Annotations

Branches:
Dungeon (1/1)

Altars:
Makhleb


Innate Abilities, Weirdness & Mutations

You have claws for hands.
You are completely covered in icy blue scales. (AC +4, rC+)
You regenerate a little health from kills.
You are mostly covered in sharp spines.


Message History

Icy blue scales spread over more of your body.
You have reached level 14!
Your demonic ancestry asserts itself...
Icy blue scales cover your body completely.
You slice the meat berserker!!
You fatally mangle the meat berserker.
You kill the meat berserker!
Makhleb accepts your kill.
Your Fighting skill gained 2 levels and is now at level 16!
Your Axes skill gained 2 levels and is now at level 24!
Your Throwing skill increases to level 12!
Your Dodging skill gained 2 levels and is now at level 23!
You have reached level 15!
Your experience leads to an increase in your attributes!
Increase (S)trength, (I)ntelligence, or (D)exterity?
You feel stronger.
Your demonic ancestry asserts itself...
A wave of death washes over you.
You hear a shout! x6
The meat berserker hits you with a +9 battleaxe!!!
Ouch! That really hurt!
You die...

..... .o #...
.# . #... ..#
.o###.O. ..###.
.o....###......
....._......
#O....# #_@<._#
#))...#
....._o.....
..o...###......
..###... ..###.
. #... ..# #...
.# ..... .o


You could see 2 meat berserkers and 4 bags of meat.

Vanquished Creatures
  2 ogres (D)
  2 orcs (D)
4 creatures vanquished.

Notes
Turn   | Place    | Note
-------+----------+-------------------------------------------
     0 | D        | Found the +∞ Axe of Woe
     0 | D        | Fang the Demonspawn Gladiator began the quest for the Orb.
     0 | D        | Reached XP level 1. HP: 16/16 MP: 1/1
     3 | D        | Noticed a bag of meat
     3 | D        | Noticed a bag of meat
     3 | D        | Noticed a bag of meat
     4 | D        | Noticed a bag of meat
     5 | D        | Became a worshipper of Makhleb the Destroyer
     6 | D        | Noticed a bag of meat
     6 | D        | Noticed a bag of meat
     7 | D        | Noticed a meat berserker
     8 | D        | Noticed a meat berserker
     9 | D        | Noticed a bag of meat
     9 | D        | Noticed a bag of meat
     9 | D        | Noticed a meat berserker
     9 | D        | Killed a bag of meat
     9 | D        | Reached skill level 10 in Fighting
     9 | D        | Reached skill level 16 in Axes
     9 | D        | Gained mutation: You are partially covered in sharp spines. [demonic ancestry]
     9 | D        | Reached XP level 2. HP: 36/36 MP: 2/2
     9 | D        | Gained mutation: You are partially covered in icy blue scales. (AC +2) [demonic ancestry]
     9 | D        | Reached XP level 3. HP: 42/42 MP: 3/3
     9 | D        | Reached XP level 4. HP: 49/49 MP: 4/4
     9 | D        | Reached XP level 5. HP: 54/54 MP: 5/5
     9 | D        | Gained mutation: You are mostly covered in sharp spines. [demonic ancestry]
     9 | D        | Reached XP level 6. HP: 61/61 MP: 6/6
     9 | D        | Gained mutation: You have sharp fingernails. [demonic ancestry]
     9 | D        | Reached XP level 7. HP: 67/67 MP: 7/7
     9 | D        | Gained mutation: You have very sharp fingernails. [demonic ancestry]
     9 | D        | Reached XP level 8. HP: 74/74 MP: 8/8
     9 | D        | Reached XP level 9. HP: 79/79 MP: 9/9
     9 | D        | Reached XP level 10. HP: 86/86 MP: 10/10
     9 | D        | Reached XP level 11. HP: 92/92 MP: 11/11
    10 | D        | Noticed a bag of meat
    10 | D        | Noticed a meat berserker
    10 | D        | Killed a bag of meat
    10 | D        | Reached * piety under Makhleb
    10 | D        | Reached skill level 19 in Axes
    10 | D        | Reached skill level 10 in Throwing
    10 | D        | Gained mutation: You have claws for hands. [demonic ancestry]
    10 | D        | Reached XP level 12. HP: 12/103 MP: 12/12
    10 | D        | Killed a meat berserker
    10 | D        | Reached skill level 22 in Axes
    10 | D        | Gained mutation: You are mostly covered in icy blue scales. (AC +3) [demonic ancestry]
    10 | D        | Reached XP level 13. HP: 14/114 MP: 13/13
    10 | D        | Gained mutation: You are completely covered in icy blue scales. (AC +4, rC+) [demonic ancestry]
    10 | D        | Reached XP level 14. HP: 15/121 MP: 14/14
    10 | D        | Killed a meat berserker
    10 | D        | Reached skill level 24 in Axes
    10 | D        | Gained mutation: You regenerate a little health from kills. [demonic ancestry]
    10 | D        | Reached XP level 15. HP: 16/131 MP: 15/15
    10 | D        | Annihilated by a meat berserker

Skill      XL: |  1  2  3  4  5  6  7  8  9 10 11 12 13 14 |
---------------+-------------------------------------------+-----
Fighting       | 10 12 14 16 | 16.0
Axes           | 16 19 22 24 | 24.2
Throwing       | 8 10 11 12 | 12.9
Dodging        | 16 18 21 23 | 23.2

Action                   |  1- 3 |  4- 6 |  7- 9 | 10-12 | 13-15 || total
-------------------------+-------+-------+-------+-------+-------++-------
Melee: Executioner's axe |     1 |       |       |     1 |       ||     2
